Unix NetHack Version 5.0.0-0 post-release - last build May  4 2026 22:22:43 (774f63e81ad911689b3a0859ea89b322d5daca8d,branch:main).

Game began 2026-05-06 05:18:42, ended 2026-05-06 06:49:17.

246786432, chaotic female elven Ranger

                                                     --#--
                                                     |....
                                                     |dd.|            |
                                                    #.@d..     .......|
                                                    #-----            |
                                                    #
                                          #     #####
                                          #     #
                                         ##     #
                                         #      #
                                         #      #
                                   ------.------#
                                   |...........|#
                                   |............#
                                   |...........|
                                   |...........|
                                   |...........|
                                   -------------

246786432 the Lookout        St:16 Dx:10 Co:13 In:14 Wi:15 Ch:7  Chaotic
Dlvl:4  $:73 HP:0(20) Pw:22(22) AC:7  Xp:3 T:1069 

Latest messages:
 You could drink the water...
 You see here a large box.
 With great effort you move the boulder.
 You try to move the boulder, but in vain.
 You try to move the boulder, but in vain.
 The door opens.
 You descend the stairs.
 You see here a looking glass.
 s - a looking glass.
 You see here 3 gold pieces.
 $ - 3 gold pieces (57 in total).
 You see here a cram ration.
 t - a cram ration.
 What do you want to wield? [- a-dimo or ?*] ?
 You have 56 elven arrows readied.  Wield one? [ynq] (q) y
 u - a blessed +2 elven arrow (wielded).
 What do you want to wield? [- a-dimou or ?*] ?
 m - a crude dagger (weapon in right hand).
 What do you want to eat? [fghrt or ?*] <esc>
 Never mind.
 You are beginning to feel hungry.
 What do you want to eat? [fghrt or ?*] ?
 This pancake is delicious!
 You finish eating the pancake.
 You see here 16 gold pieces.
 $ - 16 gold pieces (73 in total).
 You hear a jackal howling at the moon.
 The werejackal summons help!
 A jackal suddenly appears next to you!
 A jackal suddenly appears next to you!
 A jackal suddenly appears next to you!
 A coyote suddenly appears close by!
 The werejackal bites!
 You kill the jackal!
 The jackal bites!
 The jackal bites!
 The werejackal bites!
 You hit the coyote.
 The coyote bites!
 The jackal bites!
 The jackal bites!
 The werejackal bites!
 You kill the coyote!
 The jackal bites!
 You die...
 Do you want your possessions identified? [ynq] (y) y
 Do you want to see your attributes? [ynq] (y) y
 Do you want an account of creatures vanquished? [ynaq] (y) y
 Do you want to see your conduct and achievements? [ynq] (y) y
 Do you want to see the dungeon overview? [ynq] (y) y

Inventory:
 Coins    ('$')
  $ - 73 gold pieces
 Weapons  (')')
  c - 55 blessed +2 elven arrows (in quiver)
  u - a blessed +2 elven arrow
  d - 38 +0 elven arrows
  b - a +1 elven bow (alternate weapon; not wielded)
  a - a +1 elven dagger
  m - a +0 orcish dagger (weapon in right hand)
  i - a cursed -2 orcish dagger
  o - a +0 dwarvish short sword
 Armor    ('[')
  l - a blessed +0 orcish helm
  q - an uncursed +0 orcish helm
  e - an uncursed +2 elven cloak (being worn)
 Comestibles  ('%')
  t - an uncursed cram ration
  r - an uncursed food ration
  f - 4 uncursed lembas wafers
  g - 3 uncursed lichen corpses
 Spellbooks  ('+')
  p - an uncursed spellbook of force bolt
 Potions  ('!')
  k - an uncursed potion of sleeping
  n - a cursed potion of sleeping
 Tools    ('(')
  s - an uncursed mirror

246786432 the Ranger's attributes:

Background:
 You were a Lookout, a level 3 female elven Ranger.
 You were chaotic, nominally on a mission for Mars
 who was opposed by Mercury (lawful) and Venus (neutral).
 You were right-handed.
 You were in the Dungeons of Doom, on level 4.
 You entered the dungeon 1069 turns ago.
 You had 55 experience points, 25 more were needed to attain level 4.

Basics:
 You had 0 out of 20 hit points.
 You had all 22 energy points (spell power).
 Your armor class was 7.
 Your wallet contained 73 zorkmids.
 Autopickup was off.

Final Characteristics:
 Your strength was 16 (limit:18).
 Your dexterity was 10 (limit:18).
 Your constitution was 13 (limit:16).
 Your intelligence was 14 (limit:20).
 Your wisdom was 15 (limit:20).
 Your charisma was 7 (limit:18).

Final Status:
 You weren't hungry.
 You were unencumbered.
 You were wielding a dagger.
 You had basic skill with dagger.

Final Attributes:
 You were devoutly aligned.
 You had automatic searching.
 You had infravision.
 You were stealthy.
 You were warded.
 You are dead.

Miscellaneous:
 You didn't encounter any bones levels.
 Total elapsed playing time was 21 minutes and 21 seconds.

Major events:
 Turn
    1: 246786432 the chaotic female elven Ranger entered the dungeon
  813: attained the rank of Lookout (level 3)
 1069: killed by a jackal

You didn't know any spells.

Skills:
 Fighting Skills
   bare handed combat [Unskilled]
   riding             [Unskilled]
 Weapon Skills
   dagger             [Basic]
   knife              [Unskilled]
   axe                [Unskilled]
   pick-axe           [Unskilled]
   short sword        [Unskilled]
   morning star       [Unskilled]
   flail              [Unskilled]
   hammer             [Unskilled]
   quarterstaff       [Unskilled]
   polearms           [Unskilled]
   spear              [Unskilled]
   trident            [Unskilled]
   bow                [Basic]
   sling              [Unskilled]
   crossbow           [Unskilled]
   dart               [Unskilled]
   shuriken           [Unskilled]
   boomerang          [Unskilled]
   whip               [Unskilled]
 Spellcasting Skills
   healing spells     [Unskilled]
   divination spells  [Unskilled]
   escape spells      [Unskilled]

Voluntary challenges:
 Character rerolling was not enabled.
 You were an atheist.
 You were illiterate.
 You never genocided any monsters.
 You never polymorphed an object.
 You never changed form.
 You used no wishes.
Achievement:
 You attained the rank of Lookout.

 The Dungeons of Doom: levels 1 to 4
    Level 1:
       An altar to Mars.
    Level 2:
       A fountain.
    Level 3:
       A fountain.
    Level 4: <- You were here.
       Final resting place for
          you, killed by a jackal.


Vanquished creatures:
  a coyote
  a gnome
  a gecko
  4 jackals
  2 kobolds
  3 goblins
  2 grid bugs
  3 lichens
  4 newts
21 creatures vanquished.

No species were genocided or became extinct.

Game over:
                       ----------
                      /          \
                     /    REST    \
                    /      IN      \
                   /     PEACE      \
                  /                  \
                  |    246786432     |
                  |      73 Au       |
                  |   killed by a    |
                  |      jackal      |
                  |                  |
                  |                  |
                  |       2026       |
                 *|     *  *  *      | *
        _________)/\\_//(\/(/\)/\//\/|_)_______

Goodbye 246786432 the Ranger...

You died in The Dungeons of Doom on dungeon level 4 with 436 points,
and 73 pieces of gold, after 1069 moves.
You were level 3 with a maximum of 20 hit points when you died.

